 Dungeon Crawl Stone Soup version 0.28-a0-1624-g820543e53a (webtiles) character file.

Game seed: 15814628827062196077

485 hashsling the Ruffian (level 6, 0/51 HPs)
             Began as a Draconian Transmuter on Jan 23, 2022.
             Was a Follower of Makhleb.
             Slain by Pikel (1 damage)
             ... on level 4 of the Dungeon.
             The game lasted 00:11:56 (4783 turns).

hashsling the Ruffian (Draconian Transmuter)        Turns: 4783, Time: 00:11:57

Health: 0/51       AC:  7    Str: 14 (15) XL:     6   Next: 88%
Magic:  8/10       EV: 16    Int: 13 (15) God:    Makhleb [*.....]
Gold:   76         SH:  0    Dex:  9 (11) Spells: 0/11 levels left

rFire   + . .      SeeInvis .   j - +7 dagger of Sin {freeze, rF+ Int+2}
rCold   . . .      Faith    .   (no shield)
rNeg    . . .      Spirit   .   (armour unavailable)
rPois   .          Reflect  .   (helmet currently unavailable)
rElec   .          Harm     .   (no cloak)
rCorr   .          Rampage  .   c - +0 pair of gloves
Will    .....                   (boots currently unavailable)
Stlth   +.........              (no amulet)
HPRegen 0.17/turn               e - +4 ring of evasion
MPRegen 0.12/turn               (no ring)

@: appendages (expiring), wereblooded
A: horns 2, talons 2, AC +6, unfitting armour, cold-blooded
a: End Transformation, Renounce Religion


You were on level 4 of the Dungeon.
You worshipped Makhleb.
Makhleb was aware of your devotion.
You had temporarily grown beastly horns and talons.
You visited 1 branch of the dungeon, and saw 4 of its levels.

You collected 76 gold pieces.

Inventory:

Hand Weapons
 j - the +7 dagger of Sin (weapon) {freeze, rF+ Int+2}
   (You found it on level 3 of the Dungeon)

   It freezes those it strikes, dealing additional cold damage.
   It can also slow down cold-blooded creatures.
   Int:       It affects your intelligence (+2).
   rF:        It protects you from fire.
Missiles
 b - 5 poisoned darts
Armour
 c - a +0 pair of gloves (worn)
 h - a +0 pair of boots (melded)
Jewellery
 e - a +4 ring of evasion (left hand)
Scrolls
 a - 5 scrolls of identify {unknown}
 d - 2 scrolls of magic mapping {unknown}
 f - a scroll of immolation {unknown}
 g - a scroll of teleportation {unknown}
 k - a scroll of enchant weapon {unknown}


   Skills:
 * Level 3.1 Fighting
 + Level 0.0 Short Blades
 + Level 3.1 Dodging
 - Level 4.1 Unarmed Combat
 + Level 3.1 Spellcasting
 * Level 3.3 Transmutations
 * Level 3.1 Ice Magic


You couldn't memorise any spells.
You knew the following spells:

 Your Spells              Type           Power      Damage    Failure   Level
a - Beastly Appendage     Tmut           20%        N/A       6%          1
b - Wereblood             Tmut           10%        N/A       9%          2
c - Freeze                Ice            40%        1d6       6%          1
d - Frozen Ramparts       Ice            20%        1d4       19%         3
e - Ice Form              Ice/Tmut       10%        N/A       52%         4

Your spell library contained the following spells:

 Spells                   Type           Power      Damage    Failure   Level
 Apportation              Tloc           4%         N/A       22%         1
 Spider Form              Tmut/Pois      6%         N/A       34%         3
 Hailstorm                Conj/Ice       6%         3d4       75%         4
 Alistair's Intoxication  Tmut/Pois      4%         N/A       97%         5
 Summon Forest            Summ/Tloc      1%         N/A       99%         5
 Eringya's Noxious Bog    Tmut/Pois      3%         N/A       100%        6
 Summon Hydra             Summ           1%         N/A       100%        7


Dungeon Overview and Level Annotations

Branches:
Dungeon (4/15)
 Temple: D:4-7

Altars:
Dithmenos
Fedhas
Makhleb
Sif Muna

Shops:
D:1 =

Annotations:
D:4 Pikel


Innate Abilities, Weirdness & Mutations

You have temporarily grown beastly horns and talons.
Your plain brown scales are hard. (AC +6)
You cannot fit into any form of body armour.
You are cold-blooded and may be slowed by cold attacks.


Message History

Makhleb accepts your kill. The lemure closely misses you. The lemure hits you.
The lemure hits you but does no damage. Pikel barely misses you.
You hit Pikel. You freeze Pikel. You claw Pikel.
Pikel is moderately wounded.
The lemure closely misses you. x2; The lemure hits you.
Pikel barely misses you.
You closely miss Pikel. Your kick misses Pikel.
Pikel is moderately wounded.
The lemure completely misses you. The lemure hits you! The lemure hits you.
Pikel closely misses you.
You hit Pikel but do no damage.
Your tail-slap misses Pikel.
Pikel is moderately wounded.
The lemure misses you. The lemure closely misses you. The lemure hits you.
Pikel hits you with a +1 whip of flaming.
You hit Pikel. You freeze Pikel. Your kick misses Pikel.
Pikel is moderately wounded.
The lemure closely misses you. The lemure barely misses you.
The lemure hits you!
* * * LOW HITPOINT WARNING * * *
Pikel hits you with a +1 whip of flaming.
* * * LOW HITPOINT WARNING * * *
It was a potion of degeneration.
There was something very wrong with that liquid.
You feel weakened.
You feel dopey.
You feel clumsy.
Your transformation is almost over.
The lemure misses you. The lemure hits you.
* * * LOW HITPOINT WARNING * * *
The lemure closely misses you. Pikel barely misses you.
You hit Pikel. You freeze Pikel.
Pikel is moderately wounded.
The lemure hits you but does no damage. x2; The lemure barely misses you.
Pikel misses you.
You puncture Pikel! You freeze Pikel. You claw Pikel, but do no damage.
Your headbutt misses Pikel.
Pikel is severely wounded.
The lemure hits you but does no damage. The lemure hits you.
* * * LOW HITPOINT WARNING * * *
The lemure barely misses you.
Pikel hits you with a +1 whip of flaming.
You die...

## .. # ##
##### ...
..... #..##
#... #...#
...#. #.5##
#.. #.@#
###.#
#.K55....<.
.....
#.........#
###..
#.........#
#..
#.........#
##..
#.........#
#...
..........#
#.#.
#..........#
##... ##.>#.


You could see Pikel and 3 lemures.

Vanquished Creatures
  Sigmund (D:3)
  A lemure (D:3)
  Jessica (D:2)
  An iguana (D:4)
  Terence (D:3)
  Natasha (thrice) (D:2)
  5 adders
  4 gnolls
  An adder skeleton (D:4)
  A worm (D:3)
  A dart slug (D:1)
  3 orcs (D:4)
  5 bats
  6 endoplasms
  4 giant cockroaches
  7 goblins
  7 hobgoblins
  11 jackals
  3 kobolds
  2 quokkas (D:2)
  10 ball pythons
  7 frilled lizards
  6 rats
91 creatures vanquished.

Vanquished Creatures (others)
  A plant (D:2)
1 creature vanquished.

Grand Total: 92 creatures vanquished

Notes
Turn   | Place    | Note
-------+----------+-------------------------------------------
     0 | D:1      | hashsling the Draconian Transmuter began the quest for the
                  | Orb.
     0 | D:1      | Reached XP level 1. HP: 16/16 MP: 3/3
   345 | D:1      | Reached XP level 2. HP: 23/23 MP: 1/5
   623 | D:1      | Found Iriyclo's Jewellery Emporium.
  1183 | D:1      | Learned a level 2 spell: Wereblood
  1185 | D:1      | Learned a level 1 spell: Freeze
  1253 | D:1      | Reached XP level 3. HP: 29/29 MP: 4/6
  1421 | D:2      | Noticed Natasha
  1431 | D:2      | Killed Natasha
  1465 | D:2      | Reached skill level 1 in Ice Magic
  1703 | D:2      | Reached XP level 4. HP: 35/36 MP: 5/7
  1861 | D:2      | Found a faded altar of an unknown god.
  2006 | D:2      | Noticed Natasha
  2014 | D:2      | Killed Natasha
  2618 | D:2      | Noticed Natasha
  2890 | D:2      | Killed Natasha
  2891 | D:2      | Reached XP level 5. HP: 38/41 MP: 6/8
  2895 | D:2      | Learned a level 3 spell: Frozen Ramparts
  2978 | D:3      | You fall into a shaft and drop 1 floor!
  3233 | D:4      | Found a burning altar of Makhleb.
  3258 | D:4      | Became a worshipper of Makhleb the Destroyer
  3472 | D:4      | Found a shadowy altar of Dithmenos.
  3485 | D:4      | Found a shimmering blue altar of Sif Muna.
  3549 | D:3      | Noticed Sigmund
  3805 | D:2      | Noticed Jessica
  3810 | D:2      | Killed Jessica
  3811 | D:2      | Reached XP level 6. HP: 41/50 MP: 7/10
  3941 | D:3      | Killed Sigmund
  3942 | D:3      | Reached skill level 4 in Unarmed Combat
  4152 | D:3      | Found a blossoming altar of Fedhas.
  4152 | D:3      | Noticed Terence
  4160 | D:3      | Killed Terence
  4319 | D:3      | Identified the +7 dagger of Sin {freeze, rF+ Int+2}
  4328 | D:3      | Learned a level 4 spell: Ice Form
  4517 | D:3      | Reached * piety under Makhleb
  4742 | D:4      | Noticed Pikel
  4781 | D:4      | HP: 2/51 [lemure[Pikel] (2)]
  4783 | D:4      | Slain by Pikel

Illustrated notes

Levels and vault maps discovered:
D:1:      erik_arrival_triangle_medium, layout_basic, serial_shops,
          nicolae_shop_behind_doors
D:2:      layout_loops_corners, shapermc_ecumenical_altar_mp_vishouse,
          kennysheep_nub, serial_bayou_pond_e, uniq_jessica, uniq_natasha
D:3:      layout_rooms, mainiacjoe_overflow_boulevard, gup_sewer_entry_glass,
          grunt_ministairs_9, minmay_close_crescents, uniq_terence, uniq_sigmund
D:4:      layout_rooms, minitemple, kennysheep_mini_moat,
          mainiacjoe_overflow_tiny_flanked, minmay_temple_entry_glass,
          uniq_pikel

Skill      XL: |  1  2  3  4  5  6 |
---------------+-------------------+-----
Dodging        | 2 3 |  3.1
Ice Magic      | 1 2 3 |  3.1
Fighting       | 2 3 |  3.1
Transmutations | 3 |  3.3
Unarmed Combat | 4 |  4.1
Spellcasting   | 3 |  3.1

Action                   |  1- 3 |  4- 6 || total
-------------------------+-------+-------++-------
Melee: Unarmed           |    77 |   135 ||   212
       Kick              |    13 |    37 ||    50
       Headbutt          |    10 |    25 ||    35
       Tailslap          |     6 |    16 ||    22
       Punch             |     1 |     5 ||     6
       Dagger            |       |    40 ||    40
 Cast: Beastly Appendage |    24 |    41 ||    65
       Freeze            |     4 |    15 ||    19
       Wereblood         |       |     1 ||     1
  Use: Potion            |       |     1 ||     1
Armor: Skin              |    28 |    70 ||    98
Dodge: Dodged            |    57 |   166 ||   223

Table legend: (Time is in decaauts)
 A = Elapsed time spent in this place.
 B = Non-inter-level travel time spent in this place.
 C = Inter-level travel time spent in this place.
 D = Time resting spent in this place.
 E = Time spent auto-exploring this place.
 F = Levels seen in this place.
 G = Mean time per level.
                   A        B        C        D        E       F      G
               +--------+--------+--------+--------+--------+-----+--------+
         Total |   4775 |   4706 |     69 |    244 |   3705 |   4 | 1193.8 |
       Dungeon |   4775 |   4706 |     69 |    244 |   3705 |   4 | 1193.8 |
               +--------+--------+--------+--------+--------+-----+--------+

Top non-repeatable levels by time:
     D:2: 1709 daAuts
     D:1: 1620 daAuts
     D:3: 863 daAuts
     D:4: 582 daAuts
